AoeStats
← OctopusRewind

Fortress

510680815Analyzed
1v1 RM · 18h ago on Oct 2, 2026· 32m 27s· 2 players
Game mode
Random Map
Map size
Small (3 player)
Population
200
Speed
Normal
Resources
Standard
Victory
Conquest
Starting age
Dark Age
Ending age
Imperial Age
RankedLock teamsTeams togetherTeam positionsShared explorationLock speedFull tech treeHidden civsTurbo modeCheats
Victory
Defeat
🇺🇸 Varangians · United States
401
+13
🇫🇷 Teutons · France
346
-13
Arlexchc
7:52 Feudal Age
10:29 Double-Bit Axe
15:40 Castle Age
16:04 Town Watch
16:07 Loom
21:14 Horse Collar
23:43 Heavy Plow
24:08 Man-at-Arms
31:00 Imperial Age
29:00 Elite Skirmisher
30:15 Fletching
30:50 Long Swordsman
OctopusRewind
3:55 Loom
8:50 Feudal Age
9:38 Double-Bit Axe
10:02 Horse Collar
11:05 Wheelbarrow
11:38 Town Watch
15:22 Man-at-Arms
17:42 Scale Mail Armor
17:48 Scale Barding Armor
17:54 Forging
17:35 Fletching
17:46 Padded Archer Armor
17:43 Arson
21:28 Bloodlines
23:32 Castle Age
24:28 Elite Skirmisher
24:29 Crossbowman
25:11 Squires
24:57 Gambesons
24:33 Long Swordsman
24:34 Pikeman
25:19 Husbandry
24:40 Light Cavalry
26:09 Chain Mail Armor
27:01 Bodkin Arrow
Connection lost

Rejoining the realm…

Still unreachable

The connection could not be restored.

Session expired

The server has moved on; the page needs a fresh start.